 Dungeon Crawl Stone Soup version 0.19.4 (webtiles) character file.

145 Atlantean the Skirmisher (level 5, -6/42 HPs)
             Began as a Demonspawn Fighter on Jan 31, 2017.
             Killed from afar by Vorshek's ghost (9 damage)
             ... with a magic dart
             ... on level 3 of the Dungeon.
             The game lasted 00:04:05 (3149 turns).

Atlantean the Skirmisher (Demonspawn Fighter)       Turns: 3149, Time: 00:04:05

Health: -6/42      AC:  8    Str: 17    XL:     5   Next: 6%
Magic:  5/5        EV:  7    Int: 10    God:
Gold:   192        SH:  9    Dex: 16    Spells: 0 memorised, 4 levels left

rFire  . . .     SeeInvis .     a - +0 war axe
rCold  . . .     Gourm    .     b - +0 scale mail
rNeg   . . .     Faith    .     c - +0 shield
rPois  .         Spirit   .     (no helmet)
rElec  .         Reflect  .     (no cloak)
rCorr  .         Harm     .     (no gloves)
MR     .....                    g - +0 pair of boots
Stlth  ..........               (no amulet)
                                (no ring)
                                q - +4 ring of dexterity

@: no status effects
A: demonic guardian 1
a: no special abilities


You were on level 3 of the Dungeon.
You were hungry.

You visited 1 branch of the dungeon, and saw 3 of its levels.

You collected 192 gold pieces.

Inventory:

Hand Weapons
 a - a +0 war axe (weapon)
Armour
 b - a +0 scale mail (worn)
 c - a +0 shield (worn)
 g - a +0 pair of boots (worn)
Jewellery
 q - a +4 ring of dexterity (left hand)
Scrolls
 e - 2 scrolls of recharging {unknown}
 h - 2 scrolls of noise {unknown}
 i - a scroll of fog {unknown}
 k - 2 scrolls of identify {unknown}
 m - a scroll of magic mapping {unknown}
 n - a scroll of fear {unknown}
 p - a scroll of random uselessness {unknown}
 r - a scroll of remove curse {unknown}
 s - a scroll of immolation {unknown}
 t - a scroll of enchant armour {unknown}
Potions
 d - a potion of might
 j - a potion of flight {unknown}
 o - 2 potions of curing
Comestibles
 f - 7 bread rations
 l - 8 fruits
 u - a chunk of flesh


   Skills:
 * Level 3.9 Fighting
 * Level 3.3 Axes
 + Level 3.2 Armour
 + Level 1.5 Dodging
 - Level 2.6 Shields


You had 4 spell levels left.
You didn't know any spells.

Dungeon Overview and Level Annotations

Branches:
Dungeon (3/15)

Altars:

Annotations:
D:3 Vorshek's ghost, amateur GrWz


Innate Abilities, Weirdness & Mutations

A weak demonic guardian rushes to your aid.


Message History

Vorshek's ghost is almost destroyed.
Your ufetubus hits Vorshek's ghost but does no damage.
Your ufetubus completely misses Vorshek's ghost.
Vorshek's ghost points at you and mumbles some strange words.
The magic dart hits you!
* * * LOW HITPOINT WARNING * * *
Your ufetubus hits Vorshek's ghost but does no damage.
Your ufetubus closely misses Vorshek's ghost.
You barely miss Vorshek's ghost.
Vorshek's ghost is almost destroyed.
Your ufetubus misses Vorshek's ghost.
Your ufetubus hits Vorshek's ghost but does no damage.
Vorshek's ghost points at you and mumbles some strange words.
The magic dart hits you!
* * * LOW HITPOINT WARNING * * *
Your ufetubus barely misses Vorshek's ghost.
Your ufetubus hits Vorshek's ghost.
Vorshek's ghost gestures at you while chanting.
The magic dart hits you!
You die...

### ### ########## #.. ..#
#........######.# #.#
#.######........# #.# #.#
####.######.#####.# #.#
#..............##.# #.#
#.##.######.......# #.#
#.##.#####.5@.....####
#.###.##.......W.........#
#<.......#####........##.####
##.####### ##......##...#.##
#.# #.#######)...#.# #.# #(#
#...#.## #.# ##'## #####.#
#.# ##...## #.# #.####
##.....## ###.#


You could see Vorshek's ghost and a friendly ufetubus.

Vanquished Creatures
  3 adders
  An ooze (D:3)
  A dart slug (D:2)
  3 leopard geckos
  2 giant cockroaches
  4 hobgoblins
  2 quokkas
  7 bats
  5 frilled lizards
  3 goblins
  6 kobolds
  6 rats
43 creatures vanquished.

Vanquished Creatures (collateral kills)
  A black bear (D:3)
1 creature vanquished.

Grand Total: 44 creatures vanquished

Notes
Turn   | Place    | Note
-------+----------+-------------------------------------------
     0 | D:1      | Atlantean the Demonspawn Fighter began the quest for the Orb.
     0 | D:1      | Reached XP level 1. HP: 18/18 MP: 1/1
   679 | D:2      | Gained mutation: A weak demonic guardian rushes to your aid. [demonic ancestry]
   679 | D:2      | Reached XP level 2. HP: 21/24 MP: 2/2
   931 | D:2      | Reached XP level 3. HP: 11/29 MP: 3/3
  1407 | D:2      | Reached skill level 1 in Dodging
  1991 | D:3      | Noticed Vorshek's ghost (amateur GrWz)
  2401 | D:3      | Noticed a black bear
  2404 | D:3      | Reached XP level 4. HP: 36/36 MP: 4/4
  2411 | D:3      | Killed a black bear
  2411 | D:3      | Reached XP level 5. HP: 8/42 MP: 5/5
  3149 | D:3      | Killed from afar by Vorshek's ghost

Skill      XL: |  1  2  3  4 |
---------------+-------------+-----
Axes           | 2 3 |  3.3
Armour         | 3 |  3.2
Dodging        | 1 |  1.5
Fighting       | |  3.9
Shields        | |  2.6

Action                   |  1- 3 |  4- 6 || total
-------------------------+-------+-------++-------
Melee: War axe           |   148 |    34 ||   182
  Use: Potion            |     2 |       ||     2
  Eat: Chunk             |     5 |     2 ||     7
Armor: Scale mail        |    84 |    25 ||   109
Dodge: Dodged            |    44 |    10 ||    54
Block: Shield            |    71 |    22 ||    93
